 Dungeon Crawl Stone Soup version 0.22-a0-614-g34fbaa0 (webtiles) character file.

2733 EuclidGuy the Skirmisher (level 9, -11/93 HPs)
             Began as a Troll Transmuter on July 11, 2018.
             Was an Initiate of Gozag.
             Mangled by a two-headed ogre
             ... wielding a +0 giant club
              (21 damage)
             ... on level 8 of the Dungeon on July 12, 2018.
             The game lasted 00:58:54 (6983 turns).

EuclidGuy the Skirmisher (Troll Transmuter)         Turns: 6983, Time: 00:58:57

Health: -11/93     AC:  7    Str: 20    XL:     9   Next: 40%
Magic:  0/13       EV: 10    Int: 12    God:    Gozag
Gold:   577        SH:  3    Dex: 10    Spells: 12/15 levels left

rFire    . . .     SeeInvis .     - Unarmed
rCold    . . .     Gourm    +   (no shield)
rNeg     . . .     Faith    .   C - +0 robe
rPois    .         Spirit   +   (helmet restricted)
rElec    .         Reflect  +   j - scarf {Spirit}
rCorr    .         Harm     .   (gloves unavailable)
MR       .....     Rnd*Tele +   (boots unavailable)
Stlth    +.........             G - +3 amulet of reflection
HPRegen  0.65/turn              J - ring of teleportation
MPRegen  0.13/turn              (no ring)

@: very slightly contaminated
A: large, unfitting armour, claws 3, molten scales 1, fast metabolism 3,
gourmand, mutation resistance 1, regeneration 1, shaggy fur 1, tough skin 2,
MP-powered wands
a: Potion Petition, Call Merchant, Bribe Branch, Renounce Religion


You were on level 8 of the Dungeon.
You worshipped Gozag.
Gozag was pleased with you.
You were not hungry.

You visited 2 branches of the dungeon, and saw 9 of its levels.
You also visited: Sewer.

You collected 1355 gold pieces.
You spent 112 gold pieces at shops.
You paid 666 gold pieces to Gozag.

Inventory:

Hand Weapons
 m - a +0 spear
 n - a +0 spear
 r - a +0 hunting sling
 t - a +0 falchion of holy wrath
 y - a -2 blowgun
 z - a +3 morningstar of protection
 A - a +0 blowgun
 D - a +2 scythe of slicing
 K - a +0 giant club
Missiles
 a - 145 arrows
 i - 253 stones (quivered)
 k - 75 poisoned needles
 B - 17 bolts
 I - 21 sling bullets
Armour
 b - a +0 robe
 f - a +0 robe
 h - a +0 pair of gloves
 j - a scarf of spirit shield (worn)
 p - a +0 cloak
 q - a +0 ring mail
 v - a cursed +0 scale mail
 C - a +0 robe (worn)
Jewellery
 o - an uncursed amulet of the gourmand
 G - a +3 amulet of reflection (around neck)
 J - a ring of teleportation (left claw)
 L - an uncursed amulet of harm {unknown}
Wands
 s - a wand of enslavement (21)
 F - a wand of random effects (29)
 H - a wand of acid (14)
Scrolls
 c - 3 scrolls of remove curse
 e - 7 scrolls of teleportation
 g - a scroll of brand weapon {unknown}
 l - 5 scrolls of identify
 x - a scroll of amnesia
 E - a scroll of random uselessness {unknown}
 M - a scroll of immolation {unknown}
Potions
 u - 2 potions of degeneration
 w - a potion of ambrosia
Comestibles
 d - a ration


   Skills:
 + Level 7.2 Fighting
 + Level 3.3 Dodging
 - Level 5.0 Unarmed Combat
 * Level 3.7 Spellcasting
 + Level 4.4 Transmutations


You had 12 spell levels left.
You knew the following spells:

 Your Spells              Type           Power        Failure   Level  Hunger
a - Beastly Appendage     Tmut           ##....       3%          1    #......
b - Sticks to Snakes      Tmut           ##......     5%          2    ##.....

Your spell library contained the following spells:

 Spells                   Type           Power        Failure   Level  Hunger
 Confuse                  Hex            #.......     56%         3    ###....
 Tukima's Dance           Hex            #.......     56%         3    ###....
 Spider Form              Tmut/Pois      #.........   28%         3    ###....
 Blade Hands              Tmut           ##........   71%         5    ######.
 Ice Form                 Ice/Tmut       #.......     67%         4    #####..
 Ensorcelled Hibernation  Hex/Ice        #.....       34%         2    ##.....
 Corona                   Hex            #......      22%         1    #......
 Dazzling Spray           Conj/Hex       #.....       56%         3    ###....


Dungeon Overview and Level Annotations

Branches:
Dungeon (8/15)             Temple (1/1) D:4
   Lair: D:8-11

Altars:
Ashenzari
Dithmenos
Elyvilon
Fedhas
Gozag
Hepliaklqana
Kikubaaqudgha
Makhleb
Nemelex Xobeh
Okawaru
Qazlal
Ru
Sif Muna
Trog
Uskayaw
Vehumet
Xom
Yredelemnul
Zin
The Shining One

Shops:
D:4 *


Innate Abilities, Weirdness & Mutations

You are too large for most types of armour.
You have claws for hands.
Your metabolism is lightning-fast.
You like to eat raw meat.
Your natural rate of healing is unusually fast.
You are covered in fur. (AC +1)
You have very tough skin. (AC +2)
You are partially covered in molten scales. (AC +2)
You are somewhat resistant to further mutation.
You expend magic power (3 MP) to strengthen your wands.


Message History

The two-headed ogre hits you with a giant club!
You scratch the two-headed ogre.
The two-headed ogre is lightly wounded.
The two-headed ogre hits you with a giant club!!
The two-headed ogre hits you with a giant club.
You barely miss the two-headed ogre.
The two-headed ogre is lightly wounded.
You claw the two-headed ogre!
The two-headed ogre is moderately wounded.
The two-headed ogre hits you with a giant club!
You block the two-headed ogre's attack. The phantom hits you.
The phantom blinks!
You scratch the two-headed ogre.
The two-headed ogre is moderately wounded.
The sentinel's mark upon you fades away.
The two-headed ogre hits you with a giant club!!
* * * LOW HITPOINT WARNING * * *
The two-headed ogre hits you with a giant club!!
You die...
Your body crumbles into a pile of gold.

#...#
+...# $
#...# $
#...#
#...#
#...##.#
#ยง....#
#@....#
#O.......
#..W.....
#....##..
###### .


You could see a two-headed ogre and a phantom.

Vanquished Creatures
  A troll (D:7)
  Grinder (D:5)
  Sigmund (D:4)
  Eustachio (D:5)
  Menkaure (D:4)
  Purgy (Sewer)
  An orc warrior (D:7)
  An eye of draining (D:7)
  2 ogres
  2 centaurs
  A bullfrog (D:7)
  5 scorpions
  A centaur zombie (D:5)
  4 hounds
  3 jellies
  4 orc wizards
  3 iguanas
  7 worker ants
  A hound skeleton (D:4)
  Robin (D:4)
  7 gnolls
  2 howler monkey skeletons
  8 adders
  A river rat (D:4)
  10 oozes (D:3)
  5 worms
  2 dart slugs
  3 leopard geckos
  17 orcs
  11 bats
  11 giant cockroaches
  19 goblins
  6 hobgoblins
  12 jackals
  4 frilled lizards
  A giant cockroach zombie (D:5)
  18 kobolds
  A leopard gecko zombie (D:6)
  A quokka zombie (D:5)
  16 rats
197 creatures vanquished.

Vanquished Creatures (others)
  A fungus (D:3)
  9 toadstools (D:3)
10 creatures vanquished.

Grand Total: 207 creatures vanquished

Notes
Turn   | Place    | Note
-------+----------+-------------------------------------------
     0 | D:1      | EuclidGuy the Troll Transmuter began the quest for the Orb.
     0 | D:1      | Reached XP level 1. HP: 18/18 MP: 1/1
    97 | D:1      | Reached XP level 2. HP: 25/26 MP: 2/2
   124 | D:1      | Reached skill level 1 in Fighting
   415 | D:1      | Reached XP level 3. HP: 33/33 MP: 4/4
  1179 | D:2      | Found an iron altar of Okawaru.
  1181 | D:2      | Found an ancient bone altar of Kikubaaqudgha.
  1181 | D:2      | Found an opulent altar of Gozag.
  1243 | D:2      | Became a worshipper of Gozag Ym Sagoz the Greedy
  1435 | D:2      | Found a white marble altar of Elyvilon.
  1443 | D:2      | Reached XP level 4. HP: 41/41 MP: 5/5
  1847 | D:3      | Reached XP level 5. HP: 46/49 MP: 3/6
  1856 | D:3      | Reached skill level 2 in Fighting
  2106 | D:3      | Reached XP level 6. HP: 57/57 MP: 8/8
  2182 | D:3      | Gained mutation: You are weak. (Str -2) [potion of mutation]
  2182 | D:3      | Gained mutation: You heal very quickly. [potion of mutation]
  2182 | D:3      | Gained mutation: You have a pair of small antennae on your head. [potion of mutation]
  2956 | D:4      | Found a staircase to the Ecumenical Temple.
  2971 | Temple   | Entered the Ecumenical Temple
  3302 | D:4      | Found a glowing drain.
  3308 | Sewer    | Entered a sewer
  3472 | Sewer    | Noticed Purgy
  3481 | Sewer    | Killed Purgy
  3481 | Sewer    | Reached skill level 5 in Unarmed Combat
  3481 | Sewer    | Reached XP level 7. HP: 31/66 MP: 3/9
  3613 | D:4      | Noticed Sigmund
  3654 | D:4      | Killed Sigmund
  3654 | D:4      | Reached skill level 3 in Fighting
  3814 | D:4      | Reached skill level 4 in Fighting
  4061 | D:4      | Noticed Menkaure
  4067 | D:4      | Killed Menkaure
  4156 | D:4      | Reached XP level 8. HP: 66/79 MP: 11/11
  4167 | D:4      | Learned a level 2 spell: Sticks to Snakes
  4171 | D:4      | Noticed Robin
  4188 | D:4      | Killed Robin
  4609 | D:4      | Bought a potion of mutation for 112 gold pieces
  4609 | D:4      | Lost mutation: You are weak. (Str -2) [potion of mutation]
  4609 | D:4      | Lost mutation: You have a pair of small antennae on your head. [potion of mutation]
  4609 | D:4      | Lost mutation: You heal very quickly. [potion of mutation]
  4609 | D:4      | Gained mutation: Your body sometimes deteriorates upon taking damage. [potion of mutation]
  4609 | D:4      | Gained mutation: You are robust. (+10% HP) [potion of mutation]
  4610 | D:4      | Lost mutation: Your body sometimes deteriorates upon taking damage. [potion of mutation]
  4610 | D:4      | Lost mutation: You are robust. (+10% HP) [potion of mutation]
  4610 | D:4      | Gained mutation: You are partially covered in molten scales. (AC +2) [potion of mutation]
  4610 | D:4      | Gained mutation: You expend magic power (3 MP) to strengthen your wands. [potion of mutation]
  4610 | D:4      | Gained mutation: You are somewhat resistant to further mutation. [potion of mutation]
  4615 | D:5      | Entered Level 5 of the Dungeon
  4683 | D:5      | Reached skill level 5 in Fighting
  4791 | D:5      | Noticed Grinder
  4791 | D:5      | Paralysed by Grinder for 6 turns
  4807 | D:5      | Paralysed by Grinder for 7 turns
  4815 | D:5      | Killed Grinder
  5042 | D:5      | Reached skill level 6 in Fighting
  5515 | D:6      | Noticed Eustachio
  5546 | D:5      | HP: 4/84 [hound (2)]
  5547 | D:5      | Killed Eustachio
  5982 | D:6      | Reached XP level 9. HP: 83/92 MP: 10/12
  6244 | D:7      | Reached skill level 7 in Fighting
  6649 | D:7      | Paralysed by fainting for 6 turns
  6765 | D:7      | Noticed a troll
  6781 | D:7      | Killed a troll
  6976 | D:8      | Noticed a two-headed ogre
  6983 | D:8      | Mangled by a two-headed ogre

Vault maps used:
D:1:      lightli_arrival_maybe_door_vault, minmay_pentomino_x4
D:2:      lemuel_doored_altar, minitemple
D:3:      cheibrodos_fertilizer, first_ration
D:4:      minmay_temple_entry_junction, gup_sewer_entry_spiral, uniq_menkaure,
          uniq_sigmund, uniq_robin
D:5:      uniq_grinder
D:6:      uniq_eustachio
D:8:      kennysheep_mini, lair_entry_dummy, hangedman_pestilent_swarm,
          minmay_mini_ossuary, uniq_grum, uniq_psyche, uniq_maurice
Temple:   nicolae_temple_x_marks_the_god
Sewer:    kennysheep_door_sewer

Skill      XL: |  1  2  3  4  5  6  7  8  9 |
---------------+----------------------------+-----
Fighting       | 1 2 4 6 7 |  7.2
Dodging        | 2 3 |  3.3
Transmutations | 2 4 |  4.4
Spellcasting   | 2 3 |  3.7
Unarmed Combat | 4 5 |  5.0

Action                   |  1- 3 |  4- 6 |  7- 9 || total
-------------------------+-------+-------+-------++-------
Melee: Unarmed           |   137 |   201 |   283 ||   621
       Kick              |     2 |     6 |    12 ||    20
       Headbutt          |     4 |     1 |     8 ||    13
       Punch             |       |     1 |     4 ||     5
Throw: Stone             |     8 |       |       ||     8
 Cast: Beastly Appendage |     6 |     9 |    11 ||    26
Invok: Call Merchant     |       |       |     1 ||     1
  Use: Scroll            |       |     2 |     8 ||    10
       Potion            |       |     2 |     5 ||     7
 Stab: Distracted        |       |     1 |     2 ||     3
       Sleeping          |       |     2 |     1 ||     3
       Invisible         |       |       |     4 ||     4
  Eat: Chunk             |     2 |       |       ||     2
       Ration            |     2 |     6 |    10 ||    18
Armor: Robe              |    79 |    52 |   111 ||   242
Dodge: Dodged            |   106 |    93 |   195 ||   394
Block: Other             |       |       |     8 ||     8

Table legend:
 A = Spawn XP
 B = Non-spawn XP
 C = Spawn XP percentage of total XP
 D = Spawn monster count
 E = Non-spawn monster count
 F = Spawn count percentage of total count
 G = Total turns spent on level
                    A         B        C        D         E        F      G
               +---------+---------+-------+---------+---------+-------+---------
         Total |       0 |    3905 |   0.0 |       0 |     197 |   0.0 |  6983
               +---------+---------+-------+---------+---------+-------+---------
           D:1 |       0 |      50 |   0.0 |       0 |      29 |   0.0 |   857
           D:2 |       0 |      51 |   0.0 |       0 |      23 |   0.0 |   763
           D:3 |       0 |     303 |   0.0 |       0 |      47 |   0.0 |  1272
           D:4 |       0 |     953 |   0.0 |       0 |      37 |   0.0 |  1467
           D:5 |       0 |     952 |   0.0 |       0 |      23 |   0.0 |  1012
           D:6 |       0 |     377 |   0.0 |       0 |      19 |   0.0 |   505
           D:7 |       0 |    1074 |   0.0 |       0 |      13 |   0.0 |   844
         Sewer |       0 |     145 |   0.0 |       0 |       6 |   0.0 |   194
               +---------+---------+-------+---------+---------+-------+---------
